[Event "Team 45 45 League T83"]
[Site "Internet Chess Club"]
[Date "2020.01.16"]
[Round "3"]
[White "Kingofknights"]
[Black "CMAlge"]
[Result "1-0"]
[WhiteElo "1594"]
[BlackElo "1256"]
[Opening "QGD: 4.Bg5 Be7"]
[ECO "D53"]
[Time "19:00:25"]
[TimeControl "2700+45"]

1. d4 d5 2. c4 e6 3. Nc3 Nf6 4. Bg5 Be7 5. e3 Nbd7 6. Nf3 c6 7. cxd5 exd5 8. Bd3
O-O 9. O-O Re8 10. Qc2 Nf8 11. Bxf6 Bxf6 12. b4 Be6 13. a4 Qe7 14. Rab1 Rab8 15.
b5 Ng6 16. Ne2 Rec8 17. bxc6 bxc6 18. Rxb8 Rxb8 19. Qxc6 Rc8 20. Qb5 Nh4 21.
Nxh4 Bxh4 22. Nf4 Qe8 23. Qxe8+ Rxe8 24. Rc1 Be7 25. h3 a5 26. Bb5 Rd8 27. Rc7
Kf8 28. Nd3 f6 29. Nc5 Bxc5 30. dxc5 d4 31. exd4 Rxd4 32. Ra7 Rd1+ 33. Kh2 Rd2
34. Kg3 Rc2 35. c6 Rc3+ 36. f3 Rc5 37. Rxa5 Bc4 38. Ra7 Bd5 39. c7 Be6 40. Bd3
Ke8 41. Bxh7 Kd7 42. a5 Rxc7 43. Rxc7+ Kxc7 44. a6 Kb6 45. Bd3 Bf7 46. h4 Bd5
47. Kf4 Bc6 48. Kf5 Be8 49. g4 Bc6 50. f4 Bd7+ 51. Kg6 Bxg4 52. f5 Bh3 53. Kxg7
Bg4 54. Kxf6 {Black resigns} 1-0

[Event "Team 45 45 League T83"]
[Site "Internet Chess Club"]
[Date "2020.01.17"]
[Round "3"]
[White "ghostfire"]
[Black "Bumun"]
[Result "1/2-1/2"]
[WhiteElo "1690"]
[BlackElo "1664"]
[Opening "Queen's pawn: Charlick (Englund) gambit"]
[ECO "A40"]
[Time "15:00:33"]
[TimeControl "2700+45"]

1. d4 e5 2. dxe5 Nc6 3. Nf3 Qe7 4. g3 Nxe5 5. Bg2 c6 6. O-O d5 7. Re1 Bf5 8. Nc3
O-O-O 9. Bf4 Ng6 10. Be3 Kb8 11. Nd4 Bd7 12. Nb3 Nf6 13. Qd4 b6 14. a4 c5 15.
Qd2 d4 16. Bf4+ Nxf4 17. Qxf4+ Qd6 18. Qf3 Bc6 19. Qxc6 Qxc6 20. Bxc6 dxc3 21.
bxc3 Kc7 22. Bb5 Nd5 23. c4 Nb4 24. Rec1 a5 25. c3 Nc6 26. Rd1 Rxd1+ 27. Rxd1
Be7 28. Bxc6 Kxc6 {Game drawn by mutual agreement} 1/2-1/2

[Event "Team 45 45 League T83"]
[Site "Internet Chess Club"]
[Date "2020.01.20"]
[Round "3"]
[White "Yedixon"]
[Black "PJ"]
[Result "0-1"]
[WhiteElo "1642"]
[BlackElo "1573"]
[Opening "English: closed system"]
[ECO "A25"]
[Time "09:00:41"]
[TimeControl "2700+45"]

1. c4 Nc6 2. Nc3 e5 3. g3 g6 4. Bg2 Bg7 5. e3 d6 6. Rb1 Be6 7. d3 Qd7 8. b4 Nge7
9. b5 Nd8 10. Nge2 Bh3 11. O-O h5 12. e4 h4 13. Bd2 hxg3 14. fxg3 Bxg2 15. Kxg2
Qh3+ 16. Kf3 f5 17. Rf2 fxe4+ 18. Nxe4 O-O+ 19. Nf4 exf4 20. Ng5 Qh5+ 21. Kg2
Qxg5 22. Bxf4 Qf5 23. Qc2 Ne6 24. Rbf1 Nxf4+ 25. Rxf4 Qd7 26. c5 dxc5 {White
forfeits on time} 0-1

[Event "Team 45 45 League T83"]
[Site "Internet Chess Club"]
[Date "2020.01.20"]
[Round "3"]
[White "zugknightly"]
[Black "seattleblues"]
[Result "1-0"]
[WhiteElo "1670"]
[BlackElo "1238"]
[Opening "Catalan: closed, 7.Qc2"]
[ECO "E08"]
[Time "20:01:54"]
[TimeControl "2700+45"]

1. d4 Nf6 2. c4 e6 3. g3 d5 4. Nf3 Be7 5. Bg2 O-O 6. Qc2 Nbd7 7. O-O b6 8. cxd5
exd5 9. Bf4 c5 10. dxc5 bxc5 11. Rd1 Bb7 12. Nc3 Rc8 13. Ne5 Nb6 14. Nb5 a6 15.
Na7 Ra8 16. Nac6 Bxc6 17. Nxc6 Qd7 18. Nxe7+ Qxe7 19. b3 Rac8 20. Qd2 Rfe8 21.
Re1 Ne4 22. Qa5 Qb7 23. Rac1 Nd7 24. Bh3 Nef6 25. e3 Qb5 26. Qd2 Qb7 27. Bg2 Ne4
28. Bxe4 Rxe4 29. Red1 Nb6 30. Bd6 c4 31. bxc4 Nxc4 32. Qxd5 Qxd5 33. Rxd5 Nxd6
34. Rxc8+ {Black resigns} 1-0

[Event "Team 45 45 League T83"]
[Site "Internet Chess Club"]
[Date "2020.01.18"]
[Round "3"]
[White "isaac13"]
[Black "chesskix"]
[Result "0-1"]
[WhiteElo "1162"]
[BlackElo "1292"]
[Opening "Sicilian: Taimanov variation"]
[ECO "B45"]
[Time "12:17:45"]
[TimeControl "2700+45"]

1. e4 c5 2. Nf3 Nc6 3. d4 cxd4 4. Nxd4 e6 5. Nc3 Bb4 6. Bd2 Nge7 7. a3 Nxd4 8.
axb4 O-O 9. b5 b6 10. Ra4 e5 11. f4 d6 12. Be3 Ne6 13. f5 Nc5 14. Rc4 Bb7 15. b4
d5 16. exd5 Nxd5 17. bxc5 Nxe3 18. Qxd8 Rfxd8 19. c6 Nxc4 20. cxb7 Rab8 21. Bxc4
Rxb7 22. Bd5 Rc7 23. O-O Rxc3 24. f6 Rxd5 25. fxg7 Rxc2 26. Re1 Rxb5 27. Kf1
Kxg7 28. Re3 Rb1+ 29. Re1 Rxe1+ 30. Kxe1 a5 31. Kd1 Rc5 32. Ke2 a4 33. Kd3 a3
34. Ke4 f6 35. Kf5 a2 36. Ke6 a1=Q 37. Kd6 Qd4+ 38. Ke6 Rc6+ 39. Kf5 Qf4# {White
checkmated} 0-1

[Event "Team 45 45 League T83"]
[Site "Internet Chess Club"]
[Date "2020.01.17"]
[Round "3"]
[White "ascoli"]
[Black "LuFran"]
[Result "1-0"]
[WhiteElo "1575"]
[BlackElo "1681"]
[Opening "QGD: Tarrasch, Prague variation, 9.Bg5"]
[ECO "D33"]
[Time "13:30:59"]
[TimeControl "2700+45"]

1. d4 d5 2. c4 e6 3. Nc3 c5 4. cxd5 exd5 5. Nf3 Nc6 6. g3 Nf6 7. Bg5 Be7 8. Bg2
O-O 9. O-O c4 10. b3 Qa5 11. Rc1 Bb4 12. Na4 Ne4 13. Bf4 Nc3 14. Nxc3 Bxc3 15.
Qc2 Bxd4 16. bxc4 Bf6 17. cxd5 Nd4 18. Nxd4 Bxd4 19. d6 Bd7 20. Qc7 Qxc7 21.
Rxc7 Bc6 22. Bxc6 bxc6 23. Rxc6 Rad8 24. Rd1 Bb6 25. d7 f6 26. Bc7 Bxc7 27. Rxc7
Kf7 28. Rxa7 Ke7 29. a4 Ke6 30. a5 Rf7 31. a6 {Black resigns} 1-0

[Event "Team 45 45 League T83"]
[Site "Internet Chess Club"]
[Date "2020.01.18"]
[Round "3"]
[White "kabindra"]
[Black "President"]
[Result "1-0"]
[WhiteElo "1689"]
[BlackElo "1529"]
[Opening "Owen defense"]
[ECO "B00"]
[Time "15:01:17"]
[TimeControl "2700+45"]

1. e4 b6 2. d4 Bb7 3. Bd3 e6 4. Be3 Nf6 5. Nd2 d6 6. Ngf3 Nbd7 7. O-O Be7 8. c4
c5 9. e5 Ng4 10. Bf4 dxe5 11. Nxe5 Ngxe5 12. dxe5 O-O 13. Qg4 Nxe5 14. Bxe5 f6
15. Qxe6+ Kh8 16. Bc3 Re8 17. Qh3 h6 18. Qf5 Kg8 19. Qh7+ Kf8 20. Bg6 Bd6 21.
Qh8+ Ke7 22. Rfe1+ Be5 23. Qxg7+ Kd6 24. Bxe8 {Black resigns} 1-0

[Event "Team 45 45 League T83"]
[Site "Internet Chess Club"]
[Date "2020.01.17"]
[Round "3"]
[White "howah45"]
[Black "bardu"]
[Result "1/2-1/2"]
[WhiteElo "1204"]
[BlackElo "1349"]
[Opening "Ruy Lopez: Wormald (Alapin) attack"]
[ECO "C77"]
[Time "18:09:46"]
[TimeControl "2700+45"]

1. e4 e5 2. Nf3 Nc6 3. Bb5 a6 4. Ba4 Nf6 5. Qe2 b5 6. Bb3 Be7 7. c3 O-O 8. d3 d6
9. Nbd2 Na5 10. Bc2 c5 11. O-O Nc6 12. Rd1 Be6 13. Nf1 Qc7 14. Ng3 d5 15. h3
dxe4 16. dxe4 Rfd8 17. Bg5 h6 18. Bxf6 Bxf6 19. Qe3 c4 20. Qc5 Be7 21. Qe3 Rxd1+
22. Rxd1 Rd8 23. Rxd8+ Qxd8 24. Nf5 Bxf5 25. exf5 f6 {Game drawn by mutual
agreement} 1/2-1/2

[Event "Team 45 45 League T83"]
[Site "Internet Chess Club"]
[Date "2020.01.14"]
[Round "3"]
[White "achessman"]
[Black "QuieroAprender"]
[Result "1-0"]
[WhiteElo "1816"]
[BlackElo "1646"]
[Opening "Ruy Lopez: Cozio defense"]
[ECO "C60"]
[Time "21:47:21"]
[TimeControl "2700+45"]

1. e4 e5 2. Nf3 Nc6 3. Bb5 Nge7 4. O-O g6 5. d3 a6 6. Bc4 Bg7 7. a4 d5 8. exd5
Nxd5 9. Re1 O-O 10. Nc3 Be6 11. Nxd5 Bxd5 12. Bxd5 Qxd5 13. Qe2 Rfe8 14. Qe4
Qxe4 15. dxe4 Nd4 16. Nxd4 exd4 17. Bf4 c5 18. Bc7 Rac8 19. Bb6 Rc6 20. a5 Be5
21. f3 Bc7 22. Bxc7 Rxc7 23. Red1 Rd8 24. c4 f6 25. Ra3 Kf7 26. Kf2 Ke6 27. Ke2
g5 28. Rb3 h5 29. h4 Ke5 30. Kd3 Rg8 31. hxg5 Rxg5 32. Rh1 Kf4 33. Rb6 f5 34.
exf5 Kxf5 35. Rh6 Re7 36. R1xh5 Re3+ 37. Kd2 Rb3 38. g4+ Kf4 39. Rf6+ Kg3 40.
Rxg5 Rxb2+ 41. Kc1 Rb3 42. Rxc5 {Black resigns} 1-0

[Event "Team 45 45 League T83"]
[Site "Internet Chess Club"]
[Date "2020.01.19"]
[Round "3"]
[White "kabindra"]
[Black "cadmiumorange"]
[Result "0-1"]
[WhiteElo "1676"]
[BlackElo "1777"]
[Opening "Robatsch (modern) defense"]
[ECO "B06"]
[Time "11:00:21"]
[TimeControl "2700+45"]

1. e4 g6 2. d4 Bg7 3. Be3 d6 4. Qd2 Nc6 5. c3 e5 6. d5 Nce7 7. f3 f5 8. Bg5 h6
9. Bh4 g5 10. Bf2 Nf6 11. Bd3 fxe4 12. Bxe4 O-O 13. h3 Nxe4 14. fxe4 Ng6 15. Ne2
Nf4 16. Nxf4 exf4 17. Na3 Qe8 18. O-O f3 19. g4 Qxe4 20. Bg3 Bxg4 21. hxg4 Qxg4
22. Kh2 Rae8 23. Rf2 Re2 24. Rxe2 fxe2 25. Qe3 Rf1 26. Qe8+ Kh7 27. Re1 Rxe1 28.
Bxe1 Be5+ {White resigns} 0-1

[Event "Team 45 45 League T83"]
[Site "Internet Chess Club"]
[Date "2020.01.15"]
[Round "3"]
[White "Yedixon"]
[Black "VictorRed"]
[Result "1-0"]
[WhiteElo "1663"]
[BlackElo "1608"]
[Opening "English: Caro-Kann defensive system"]
[ECO "A11"]
[Time "21:09:59"]
[TimeControl "2700+45"]

1. c4 c6 2. Nc3 Nf6 3. e4 e6 4. e5 Ng8 5. d4 d5 6. cxd5 exd5 7. f4 Bb4 8. Bd2
Ne7 9. Nf3 Nf5 10. Qa4 Be7 11. Bd3 Nh4 12. O-O Nxf3+ 13. Rxf3 O-O 14. f5 f6 15.
e6 b5 16. Qc2 Na6 17. a3 Qb6 18. Ne2 c5 19. dxc5 Bxc5+ 20. Kh1 Bb7 21. b4 Bd6
22. Be3 Qd8 23. Nd4 Rc8 24. Qf2 Rc3 25. Bxb5 Qc7 26. Rh3 Be5 27. Qh4 h6 28. Bf1
Nb8 29. Nb5 Qe7 30. Nxc3 Bxc3 31. Bxh6 gxh6 32. Qxh6 Qg7 33. Rg3 Qxg3 34. hxg3
Bxa1 35. Qg6+ Kh8 36. e7 {Black resigns} 1-0

[Event "Team 45 45 League T83"]
[Site "Internet Chess Club"]
[Date "2020.01.17"]
[Round "3"]
[White "ARMAND02019"]
[Black "mongmong"]
[Result "1/2-1/2"]
[WhiteElo "1680"]
[BlackElo "1475"]
[Opening "English opening"]
[ECO "A13"]
[Time "21:08:02"]
[TimeControl "2700+45"]

1. c4 e6 2. Nf3 Nf6 3. g3 b5 4. cxb5 d5 5. d4 Bd7 6. a4 a6 7. bxa6 Nxa6 8. Bg5
Be7 9. Nc3 h6 10. Bf4 O-O 11. Ne5 c5 12. Nxd7 Qxd7 13. Bg2 cxd4 14. Qxd4 Rac8
15. O-O Bc5 16. Qd2 Bb4 17. e3 Nc5 18. Qe2 Nb3 19. Ra2 Bxc3 20. bxc3 Rc4 21. a5
Ra8 22. a6 Nc5 23. Qxc4 dxc4 24. Bxa8 Qa7 25. Rb1 Nfd7 26. Bb7 e5 27. Rb4 exf4
28. exf4 Nb6 29. Rb5 Nxb7 30. axb7 Qxb7 31. Rab2 Qd7 32. Rxb6 Qd1+ 33. Kg2 Qd3
34. Rb8+ Kh7 35. R2b7 Qxc3 36. Rxf7 Qd4 37. Rc7 Qe4+ 38. Kg1 Qe1+ 39. Kg2 Qe4+
40. Kf1 Qd3+ 41. Ke1 Qc3+ 42. Kf1 Qd3+ 43. Kg2 Qe4+ {Game drawn by repetition}
1/2-1/2

[Event "Team 45 45 League T83"]
[Site "Internet Chess Club"]
[Date "2020.01.20"]
[Round "3"]
[White "cysk"]
[Black "room-matt"]
[Result "1/2-1/2"]
[WhiteElo "1770"]
[BlackElo "1801"]
[Opening "Scotch: Steinitz variation"]
[ECO "C45"]
[Time "12:18:23"]
[TimeControl "2700+45"]

1. e4 e5 2. Nf3 Nc6 3. d4 exd4 4. Nxd4 Qh4 5. Nc3 Bb4 6. Be2 Qxe4 7. Nb5 Bxc3+
8. bxc3 Kd8 9. O-O Nf6 10. Nd4 Nxd4 11. cxd4 d5 12. Re1 Re8 13. Bg5 Qg6 14. Qd2
h6 15. Be3 c6 16. c4 Ne4 17. Qd3 dxc4 18. Qxc4 Be6 19. Qb4 b6 20. Bd3 Bf5 21.
Bf4 Rc8 22. f3 Nd6 23. Bxf5 Nxf5 24. Rxe8+ Kxe8 25. Re1+ Kd7 26. Qa4 a5 27. d5
{Game drawn by mutual agreement} 1/2-1/2

[Event "Team 45 45 League T83"]
[Site "Internet Chess Club"]
[Date "2020.01.18"]
[Round "3"]
[White "bobhill"]
[Black "fishhead"]
[Result "0-1"]
[WhiteElo "1829"]
[BlackElo "1770"]
[Opening "Old Benoni defense"]
[ECO "A43"]
[Time "14:34:12"]
[TimeControl "2700+45"]

1. d4 c5 2. d5 e6 3. dxe6 fxe6 4. Nf3 Nf6 5. Bg5 Be7 6. e3 Nc6 7. c3 O-O 8. Nbd2
d5 9. Qc2 e5 10. e4 d4 11. Bc4+ Kh8 12. O-O Qd6 13. Rad1 h6 14. Bh4 g5 15. Bg3
Nh5 16. a3 Bg4 17. Be2 Nf4 18. Bxf4 Rxf4 19. Nc4 Qf6 20. Ne1 Bxe2 21. Qxe2 Qg6
22. f3 b5 23. Nd3 bxc4 24. Nxf4 gxf4 25. Qxc4 Rb8 26. b4 Qg8 27. Qa6 Rb6 28. Qa4
a6 29. cxd4 Nxd4 30. Qa5 Rc6 31. Kh1 Qe6 32. Rb1 c4 33. Qd5 c3 34. Rbc1 c2 35.
Rf2 Qxd5 36. exd5 Rc3 37. Rd2 Rb3 38. h3 Rb1 39. Rxc2 Nxc2 40. Rxb1 Nxa3 41. Rb3
Nb5 42. Kg1 Bd8 43. Kf1 Kg7 44. Rb1 Be7 45. Ra1 Nc7 46. Ra4 Nxd5 47. Rxa6 Bxb4
48. Re6 Bc3 49. g4 fxg3 50. h4 Nf4 51. Re7+ Kf6 52. Rd7 g2+ 53. Kf2 Bd4+ 54.
Rxd4 exd4 55. h5 Kg5 56. Kg1 d3 57. Kf2 d2 {White resigns} 0-1

[Event "Team 45 45 League T83"]
[Site "Internet Chess Club"]
[Date "2020.01.19"]
[Round "3"]
[White "Goli"]
[Black "Bumun"]
[Result "0-1"]
[WhiteElo "1700"]
[BlackElo "1683"]
[Opening "Scandinavian defense"]
[ECO "B01"]
[Time "16:02:51"]
[TimeControl "2700+45"]

1. e4 d5 2. exd5 Nf6 3. d4 Bg4 4. Be2 Bxe2 5. Qxe2 Qxd5 6. Nf3 Nc6 7. c4 Qe4 8.
Nc3 Qxe2+ 9. Nxe2 Nb4 10. O-O e6 11. Bf4 O-O-O 12. Rfd1 h6 13. a3 Nc6 14. Ne5
Nxe5 15. dxe5 Nd7 16. Nc3 c5 17. Nb5 a6 18. Nd6+ Bxd6 19. Rxd6 g5 20. Bg3 Nb8
21. b4 Rxd6 22. exd6 Kd7 23. b5 axb5 24. cxb5 f6 25. Rd1 e5 26. a4 b6 27. f3 Ke6
28. Bf2 Nd7 29. Kf1 Ra8 30. Ra1 Kxd6 31. Ke2 Nf8 32. g4 Ne6 33. Kd3 Nd4 34. Ke4
Nxb5 35. Kf5 Nd4+ 36. Kxf6 b5 37. a5 Nxf3 38. Kg7 Nxh2 39. Rc1 c4 40. Bb6 Nxg4
41. Rg1 h5 42. Kg6 b4 43. Kxh5 Nf6+ 44. Kxg5 Nd5 45. Rc1 c3 46. Kf5 b3 47. Rh1
b2 48. Rh6+ Kd7 49. Rh7+ Ne7+ 50. Kxe5 b1=Q {White resigns} 0-1

[Event "Team 45 45 League T83"]
[Site "Internet Chess Club"]
[Date "2020.01.18"]
[Round "3"]
[White "Constrictor"]
[Black "Egmont"]
[Result "0-1"]
[WhiteElo "1525"]
[BlackElo "1694"]
[Opening "QGD Slav: 4.Nc3"]
[ECO "D15"]
[Time "12:01:07"]
[TimeControl "2700+45"]

1. Nf3 d5 2. d4 Nf6 3. c4 c6 4. Nc3 a6 5. e3 Bf5 6. Nh4 Bg6 7. b3 e6 8. Nxg6
hxg6 9. Bd3 Bb4 10. Bd2 Nbd7 11. Qc2 Qe7 12. f3 e5 13. Ne2 Bxd2+ 14. Qxd2 exd4
15. exd4 Nh5 16. O-O-O Qa3+ 17. Kb1 Nhf6 18. Qe3+ Qe7 19. Qxe7+ Kxe7 20. Rde1
Rae8 21. Nf4+ Kd8 22. h3 g5 23. Ne2 Nh5 24. cxd5 cxd5 25. g4 Re3 26. Kc2 Nhf6
27. f4 gxf4 28. Nxf4 Rxe1 29. Rxe1 g5 30. Ne2 Rxh3 31. Bf5 Ne4 32. Bxe4 dxe4 33.
Nc3 e3 34. Kd3 Rg3 35. Rxe3 Rxg4 36. Rf3 Ke8 37. Ne4 Ke7 38. Rf5 f6 39. d5 Kf7
40. Nd6+ Kg6 41. Rf2 Nc5+ 42. Ke2 b5 43. Ne8 Re4+ {White resigns} 0-1

[Event "Team 45 45 League T83"]
[Site "Internet Chess Club"]
[Date "2020.01.18"]
[Round "3"]
[White "MartyJR"]
[Black "Hectormercado"]
[Result "0-1"]
[WhiteElo "1437"]
[BlackElo "1456"]
[Opening "QGD semi-Slav: Meran, Wade variation"]
[ECO "D47"]
[Time "21:00:36"]
[TimeControl "2700+45"]

1. d4 d5 2. c4 c6 3. Nc3 Nf6 4. e3 e6 5. Nf3 Nbd7 6. Bd3 dxc4 7. Bxc4 b5 8. Bd3
Bb7 9. e4 b4 10. Na4 c5 11. e5 Nd5 12. Nxc5 Nxc5 13. dxc5 Qa5 14. O-O Bxc5 15.
Qe2 Ne7 16. Bd2 O-O 17. Bxh7+ Kxh7 18. Ng5+ Kg8 19. Qh5 Be4 20. Nxe4 Ng6 21. Ng5
Rfe8 22. Qh7+ Kf8 23. Qh5 Bd4 24. Nf3 Bxb2 25. Rab1 Bc3 26. Be3 Rac8 27. Rfd1
Qxa2 28. Nd4 a5 29. Nb5 Bxe5 30. Bd4 Bxd4 31. Nxd4 Qd5 32. Qg4 Rc4 33. Rbc1 e5
34. Rxc4 Qxc4 35. Ne6+ Qxe6 36. Qe4 Nf4 37. Qc2 Qg6 38. Qc5+ Kg8 39. g3 Ra8 40.
Qxe5 Nh3+ 41. Kg2 Ng5 42. Qd5 Qe4+ 43. Qxe4 Nxe4 44. f3 Nc3 45. Rd4 a4 46. Rxb4
a3 {White resigns} 0-1

[Event "Team 45 45 League T83"]
[Site "Internet Chess Club"]
[Date "2020.01.15"]
[Round "3"]
[White "Balderdash"]
[Black "olivermx"]
[Result "0-1"]
[WhiteElo "1264"]
[BlackElo "1329"]
[Opening "King's pawn game"]
[ECO "C44"]
[Time "10:04:50"]
[TimeControl "2700+45"]

1. e4 e5 2. Nf3 Nc6 3. b3 Bc5 4. Bc4 h6 5. Bb2 d6 6. Nc3 Nf6 7. Nd5 O-O 8. a3 a6
9. b4 Ba7 10. Bc3 Nxe4 11. O-O Nxc3 12. dxc3 Re8 13. b5 axb5 14. Bxb5 Bd7 15. h3
Bc5 16. a4 Ne7 17. Bc4 Bxa4 18. Nxe7+ Qxe7 19. Rb1 Bc6 20. Bd5 Bxd5 21. Qxd5 c6
22. Qd2 Qd7 23. Rbd1 Qf5 24. Nh2 Ra2 25. Ng4 Rxc2 26. Nxh6+ gxh6 27. Qxh6 Rxc3
28. g4 Qh7 29. Qg5+ Kf8 30. h4 Qg6 31. Qxg6 fxg6 32. Kg2 Kg7 33. f3 Rf8 34. g5
Rf4 35. Kg3 Rf7 36. Ra1 e4 37. Kg4 Rcxf3 38. Rxf3 Rxf3 39. Rb1 Rf7 40. Rh1 e3
41. h5 gxh5+ 42. Kxh5 e2 43. Rb1 Re7 44. Rc1 e1=Q 45. Rc4 Qe2+ 46. Rg4 Qxg4+ 47.
Kxg4 Rf7 48. Kh5 d5 49. g6 Rf6 {White resigns} 0-1

[Event "Team 45 45 League T83"]
[Site "Internet Chess Club"]
[Date "2020.01.16"]
[Round "3"]
[White "Conjurer"]
[Black "Toalla"]
[Result "0-1"]
[WhiteElo "1184"]
[BlackElo "1264"]
[Opening "Queen's pawn, Mason variation"]
[ECO "D00"]
[Time "13:07:20"]
[TimeControl "2700+45"]

1. d4 d5 2. Bf4 Nf6 3. e3 c5 4. Nf3 Qb6 5. b3 e6 6. c4 Nc6 7. Nc3 cxd4 8. Nb5
Bb4+ 9. Nd2 e5 10. Bg3 dxe3 11. Nd6+ Bxd6 12. fxe3 Qxe3+ 13. Be2 Bb4 14. Bf2
Bxd2+ 15. Qxd2 Qxd2+ 16. Kxd2 Ne4+ {White resigns} 0-1

[Event "Team 45 45 League T83"]
[Site "Internet Chess Club"]
[Date "2020.01.18"]
[Round "3"]
[White "howah45"]
[Black "oldbookseller"]
[Result "1-0"]
[WhiteElo "1218"]
[BlackElo "1147"]
[Opening "Ruy Lopez: classical defense, 4.c3"]
[ECO "C64"]
[Time "16:17:42"]
[TimeControl "2700+45"]

1. e4 e5 2. Nf3 Nc6 3. Bb5 Bc5 4. c3 Nge7 5. d3 O-O 6. Qe2 d6 7. Nbd2 Be6 8. O-O
d5 9. Rd1 Bg4 10. h3 Bh5 11. Nf1 d4 12. Ng3 dxc3 13. bxc3 Bg6 14. Nh4 Nd4 15.
cxd4 Qxd4 16. Bb2 Qb4 17. Bc4 Nc6 18. Rab1 Ne7 19. Bd4 Qa3 20. Bxc5 Qxc5 21.
Rxb7 Qd6 22. Rdb1 Qd8 23. Qg4 Nc6 24. Nhf5 Na5 25. R7b4 c5 26. Rb5 Nxc4 27. dxc4
Qd4 28. Nxd4 cxd4 29. Nf5 f6 30. Ne7+ Kh8 31. Nxg6+ {Black resigns} 1-0

[Event "Team 45 45 League T83"]
[Site "Internet Chess Club"]
[Date "2020.01.20"]
[Round "3"]
[White "Mitochondria"]
[Black "ascoli"]
[Result "0-1"]
[WhiteElo "1519"]
[BlackElo "1580"]
[Opening "Nimzo-Indian: Sämisch variation"]
[ECO "E24"]
[Time "13:04:37"]
[TimeControl "2700+45"]

1. d4 Nf6 2. c4 e6 3. Nc3 Bb4 4. a3 Bxc3+ 5. bxc3 b6 6. Nf3 Nc6 7. e3 Na5 8. Bd3
Ba6 9. Qa4 Rc8 10. O-O c5 11. Nd2 O-O 12. Ne4 Nxe4 13. Bxe4 Bxc4 14. Re1 d5 15.
Bf3 Nb3 16. Rb1 b5 17. Qxa7 Ra8 18. Qb7 Na5 19. Qxa8 Qxa8 {White resigns} 0-1

[Event "Team 45 45 League T83"]
[Site "Internet Chess Club"]
[Date "2020.01.19"]
[Round "3"]
[White "guyd52"]
[Black "seattleblues"]
[Result "0-1"]
[WhiteElo "1223"]
[BlackElo "1241"]
[Opening "Réti opening"]
[ECO "A04"]
[Time "07:00:35"]
[TimeControl "2700+45"]

1. Nf3 c6 2. g3 d5 3. d3 Bf5 4. Bg2 e6 5. Nbd2 Nf6 6. c3 Bd6 7. O-O O-O 8. Nh4
Bg4 9. Bf3 Bxf3 10. Nhxf3 Nbd7 11. Re1 Qb6 12. e4 dxe4 13. Nxe4 Nxe4 14. Rxe4
Nf6 15. Re2 Rad8 16. Bg5 Be7 17. d4 c5 18. Be3 Rd5 19. Qc2 cxd4 20. Bxd4 Qa6 21.
a3 b6 22. Rd1 Qb7 23. Ng5 Rxg5 24. Rd3 Rd8 25. f3 Rgd5 26. b4 Qa8 27. Red2 R8d7
28. Kf2 Ne8 29. h4 Qd8 30. Ke2 Nc7 31. a4 f6 32. f4 Na6 33. Rd1 Nxb4 34. cxb4
Rxd4 35. b5 Rxd3 36. Rxd3 Rxd3 37. Qxd3 Qxd3+ 38. Kxd3 Bc5 39. Ke4 Bf2 40. g4
Bxh4 41. Kf3 Be1 42. Ke4 Kf7 43. Kf3 Ke7 44. Ke4 Kd6 45. Kd4 Bg3 46. f5 exf5 47.
gxf5 h5 {White resigns} 0-1

[Event "Team 45 45 League T83"]
[Site "Internet Chess Club"]
[Date "2020.01.16"]
[Round "3"]
[White "SeniorCitizen"]
[Black "isaac13"]
[Result "1-0"]
[WhiteElo "1233"]
[BlackElo "1173"]
[Opening "French: advance, Milner-Barry gambit"]
[ECO "C02"]
[Time "13:08:12"]
[TimeControl "2700+45"]

1. e4 e6 2. d4 d5 3. e5 c5 4. c3 Nc6 5. Nf3 Qb6 6. Bd3 Be7 7. O-O Nh6 8. h3 Nf5
9. Bxf5 exf5 10. Qb3 c4 11. Qxb6 axb6 12. Re1 O-O 13. Bg5 f6 14. exf6 Bxf6 15.
Bf4 Be6 16. Rxe6 Rae8 17. Rxe8 Rxe8 18. Nbd2 Re2 19. Re1 Re7 20. Rxe7 Bxe7 21.
Ng5 b5 22. Ne6 b4 23. Nf3 h6 24. Ne5 bxc3 25. bxc3 b5 26. Nxc6 Bf6 27. Nb4 g5
28. Be5 Kf7 29. Nc7 Bxe5 30. dxe5 Ke7 31. Ncxd5+ Ke6 32. Kf1 Kxe5 33. Ke2 f4 34.
Nc7 Ke4 35. Nxb5 h5 36. Nd6+ Ke5 37. Nxc4+ Ke4 38. a4 g4 39. Nd2+ Ke5 40. a5
gxh3 41. gxh3 Kf5 42. a6 Kg5 43. Nf3+ Kf5 44. a7 h4 {Black resigns} 1-0

[Event "Team 45 45 League T83"]
[Site "Internet Chess Club"]
[Date "2020.01.19"]
[Round "3"]
[White "dalmata"]
[Black "Electryon"]
[Result "1/2-1/2"]
[WhiteElo "1579"]
[BlackElo "1477"]
[Opening "QGD Slav: Slav gambit"]
[ECO "D15"]
[Time "13:04:31"]
[TimeControl "2700+45"]

1. d4 d5 2. c4 c6 3. Nc3 Nf6 4. Nf3 dxc4 5. e4 b5 6. Be2 e6 7. O-O Bb4 8. e5 Nd5
9. Bg5 Be7 10. Bxe7 Qxe7 11. Qc2 Nd7 12. b3 cxb3 13. axb3 a6 14. Nxd5 cxd5 15.
Rfc1 Bb7 16. Qc7 Rb8 17. Qd6 Qxd6 18. exd6 O-O 19. Ne5 Nxe5 20. dxe5 Rbc8 21. b4
Rxc1+ 22. Rxc1 Rd8 23. Rc7 Bc8 24. f4 g6 25. g4 {Game drawn by mutual agreement}
1/2-1/2

[Event "Team 45 45 League T83"]
[Site "Internet Chess Club"]
[Date "2020.01.17"]
[Round "3"]
[White "tryanything"]
[Black "pokerram"]
[Result "1/2-1/2"]
[WhiteElo "1482"]
[BlackElo "1528"]
[Opening "Sicilian: closed"]
[ECO "B23"]
[Time "17:53:56"]
[TimeControl "2700+45"]

1. e4 c5 2. Nc3 a6 3. g3 b5 4. Bg2 Bb7 5. Nh3 e6 6. O-O Be7 7. d3 d5 8. exd5
exd5 9. Nf4 Nf6 10. Qf3 Nbd7 11. Ncxd5 Nxd5 12. Nxd5 Kf8 13. Qf5 Rb8 14. Nxe7
Bxg2 15. Kxg2 Qxe7 16. Bf4 Rb6 17. Rfe1 Re6 18. Rxe6 Qxe6 19. Qxe6 fxe6 20. Re1
Kf7 21. Bd6 Rc8 22. b3 c4 23. dxc4 bxc4 24. bxc4 Rxc4 25. Re2 Rd4 26. Be5 Ra4
27. c3 Nxe5 28. Rxe5 Rxa2 29. Rc5 a5 30. Rc7+ Kf6 31. Ra7 Rc2 32. Rxa5 Rxc3
{Game drawn by mutual agreement} 1/2-1/2

[Event "Team 45 45 League T83"]
[Site "Internet Chess Club"]
[Date "2020.01.21"]
[Round "3"]
[White "Megasus"]
[Black "PsyMar"]
[Result "0-1"]
[WhiteElo "1600"]
[BlackElo "1228"]
[Opening "Queen's pawn game, Darooha variation "]
[ECO "D02"]
[Time "13:00:23"]
[TimeControl "2700+45"]

1. Nf3 Nf6 2. d4 d5 3. h3 c5 4. e3 Nc6 5. b3 Bf5 6. a3 h6 7. Nbd2 e6 8. Bb2 Nd7
9. c4 cxd4 10. exd4 Bd6 11. g3 O-O 12. Qc1 Rc8 13. c5 Bb8 14. b4 a6 15. Bg2 Qe7
16. O-O e5 17. dxe5 Bxe5 18. Nxe5 Ndxe5 19. Re1 Rfe8 20. Nb3 Bxh3 21. Bxd5 Qd7
22. Qd2 Bg4 23. Re3 Rcd8 24. Qc3 Qxd5 25. Rc1 f6 26. Qc2 Nf3+ 27. Rxf3 Qxf3 28.
Nd2 Rxd2 {White resigns} 0-1

[Event "Team 45 45 League T83"]
[Site "Internet Chess Club"]
[Date "2020.01.16"]
[Round "3"]
[White "cayo89"]
[Black "QuieroAprender"]
[Result "0-1"]
[WhiteElo "1601"]
[BlackElo "1704"]
[Opening "Queen's pawn: London system"]
[ECO "A45"]
[Time "19:45:32"]
[TimeControl "2700+45"]

1. d4 Nf6 2. Bf4 g6 3. e3 Bg7 4. Nf3 d6 5. Be2 b6 6. Nbd2 Bb7 7. c3 Nbd7 8. O-O
O-O 9. h3 Nh5 10. Bh2 Nhf6 11. Qc2 c5 12. Rfe1 Rc8 13. Qa4 a6 14. Rac1 b5 15.
Qa3 Qb6 16. b4 cxb4 17. cxb4 Rfe8 18. Rxc8 Rxc8 19. Rc1 Rc6 20. Qb2 Qc7 21. Rxc6
Qxc6 22. Bf1 Nd5 23. a3 N5b6 24. Nb3 Nc4 25. Qa2 e5 26. Nfd2 Nxd2 27. Qxd2 exd4
28. Nxd4 Bxd4 29. Qxd4 d5 30. Bf4 Nb6 31. Bh6 f6 32. Bf4 Nc4 33. e4 Kf7 34. exd5
Qxd5 35. Qc3 g5 36. Be3 Nxe3 37. Qxe3 h6 38. Qf3 Qxf3 39. gxf3 Bxf3 40. Bd3 Ke6
41. Kh2 Ke5 42. Kg3 Be4 43. Be2 f5 44. f3 f4+ 45. Kf2 Bf5 46. a4 bxa4 47. Bxa6
a3 48. Bc4 Be6 {White resigns} 0-1